 Dungeon Crawl Stone Soup version 0.19.5 (webtiles) character file.

158 theAP the Slasher (level 5, -3/43 HPs)
             Began as a Formicid Fighter on Apr 8, 2017.
             Slain by a worm (7 damage)
             ... on level 3 of the Dungeon.
             The game lasted 00:04:01 (2016 turns).

theAP the Slasher (Formicid Fighter)                Turns: 2016, Time: 00:04:02

Health: -3/43      AC:  8    Str: 25    XL:     5   Next: 67%
Magic:  5/5        EV:  8    Int:  7    God:
Gold:   104        SH:  9    Dex: 10    Spells: 0 memorised, 4 levels left

rFire  . . .     SeeInvis +     a - +0 long sword
rCold  . . .     Gourm    .     b - +0 scale mail
rNeg   . . .     Faith    .     c - +0 shield
rPois  .         Spirit   .     (helmet unavailable)
rElec  .         Reflect  .     j - +0 cloak (curse)
rCorr  .         Harm     .     (no gloves)
MR     .....                    (no boots)
Stlth  ..........               (no amulet)
                                (no ring)
                                r - +3 ring of strength

@: no status effects
A: permanent stasis, dig shafts and tunnels, four strong arms, antennae 3
a: Dig, Shaft Self


You were on level 3 of the Dungeon.
You were not hungry.

You visited 1 branch of the dungeon, and saw 3 of its levels.

You collected 104 gold pieces.

Inventory:

Hand Weapons
 a - a +0 long sword (weapon)
Armour
 b - a +0 scale mail (worn)
 c - a +0 shield (worn)
 j - a cursed +0 cloak (worn)
Jewellery
 r - a +3 ring of strength (left hand)
Scrolls
 e - a scroll of magic mapping {unknown}
 k - a scroll of fear {unknown}
 l - a scroll of immolation {unknown}
 m - 2 scrolls of amnesia {unknown}
 n - a scroll of remove curse {unknown}
 o - 2 scrolls of identify {unknown}
 p - a scroll of fog {unknown}
 s - a scroll of noise {unknown}
 t - 3 scrolls of blinking {unknown}
 w - a scroll of enchant weapon {unknown}
Potions
 d - a potion of might
 h - 6 potions of invisibility {unknown}
 i - a potion of haste {unknown}
 u - a potion of curing {unknown}
 v - 2 potions of heal wounds {unknown}
 x - a potion of resistance {unknown}
Comestibles
 f - 3 bread rations
 g - 2 beef jerkies
 q - a royal jelly


   Skills:
 + Level 4.4 Fighting
 * Level 4.6 Long Blades
 - Level 3.2 Armour
 - Level 3.6 Shields


You had 4 spell levels left.
You didn't know any spells.

Dungeon Overview and Level Annotations

Branches:
Dungeon (3/15)

Altars:
Sif Muna


Innate Abilities, Weirdness & Mutations

You are under a permanent stasis effect.
You can dig through walls and to a lower floor.
Your four strong arms can wield two-handed weapons with a shield.
You have a pair of large antennae on your head. (SInv)


Message History

* * * LOW HITPOINT WARNING * * *
The gnoll hits you but does no damage. The gnoll barely misses you.
You are too injured to fight recklessly!
You are too injured to fight recklessly!
You are too injured to fight recklessly!
You hit the gnoll but do no damage.
A hobgoblin comes into view. It is wielding a club.
The hobgoblin shouts!
An orc comes into view. It is wielding an enchanted whip.
The orc shouts!
Found a blue potion.
A worm comes into view.
You hit the gnoll but do no damage. The gnoll closely misses you.
You hit the gnoll.
The gnoll is moderately wounded.
The gnoll hits you with a flail.
* * * LOW HITPOINT WARNING * * *
The gnoll hits you but does no damage. The worm bites you!
You die...

###...#.# .#
#...#.#.###.#
#.###...#..!#
#.# ##....#
###.# ##...#
###...# #...#
....###
###.### #####
#.og###
###g@.# ###w#
... .. ##.#
.. { .# ## #


You could see a worm, 2 gnolls and an orc.

Vanquished Creatures
  Terence (D:3)
  A gnoll (D:3)
  5 adders
  2 oozes (D:1)
  3 worms
  2 dart slugs (D:1)
  An orc (D:3)
  A ball python (D:1)
  7 bats
  A giant cockroach (D:1)
  9 goblins
  10 hobgoblins
  A quokka (D:2)
  2 frilled lizards (D:1)
  8 kobolds
  8 rats
62 creatures vanquished.

Notes
Turn   | Place    | Note
-------+----------+-------------------------------------------
     0 | D:1      | theAP the Formicid Fighter began the quest for the Orb.
     0 | D:1      | Reached XP level 1. HP: 18/18 MP: 1/1
    56 | D:1      | Reached XP level 2. HP: 20/24 MP: 2/2
   198 | D:1      | Reached XP level 3. HP: 29/29 MP: 3/3
   751 | D:1      | Reached XP level 4. HP: 35/37 MP: 4/4
  1408 | D:2      | Reached XP level 5. HP: 41/42 MP: 5/5
  1504 | D:2      | Found a deep blue altar of Sif Muna.
  1853 | D:3      | Noticed Terence
  1861 | D:3      | Killed Terence
  2016 | D:3      | Slain by a worm

Skill      XL: |  1  2  3  4 |
---------------+-------------+-----
Long Blades    | 3 4 |  4.6
Fighting       | 4 |  4.4
Armour         | |  3.2
Shields        | |  3.6

Action                   |  1- 3 |  4- 6 || total
-------------------------+-------+-------++-------
Melee: Long sword        |   115 |   150 ||   265
  Eat: Chunk             |       |     4 ||     4
Armor: Scale mail        |    47 |    60 ||   107
Dodge: Dodged            |    30 |    44 ||    74
Block: Shield            |    46 |    79 ||   125
       Rpst.: Long sword |    13 |    10 ||    23
